[Event "Titled Tuesday Blitz March 28 Early 2023"]
[White "Karthik Sai Ch"]
[Black "Raahul V S"]
[WhiteFideId "46649484"]
[BlackFideId "25035525"]
[WhiteElo "2003"]
[BlackElo "2168"]
[Result "0-1"]
[Round "03"]
[TimeControl "180+2"]
[Date "2023.03.28"]
[WhiteClock "0:01:18"]
[BlackClock "0:01:08"]

1. d4 d5 2. Nf3 Nf6 3. Bf4 c5 4. e3 Nc6 5. Nbd2 e6 6. c3 Bd6 7. Bg3 O-O 8. Bb5 Ne7 9. Ne5 Nf5 10. f4 Nxe3 11. Qc1 cxd4 12. cxd4 Qa5 13. Bd3 Ne4 14. Ke2 Nf5 15. Bxe4 dxe4 16. Nb3 Qa6+ 17. Kf2 e3+ 18. Ke1 Bb4+ 19. Kd1 Bd7 20. Qc4 Qxc4 21. Nxc4 Bb5 22. Ne5 e2+ 23. Kc2 Rac8+ 24. Kb1 f6 25. Nf3 Bd3# 0-1


[Site "https://www.chess.com"]

[Event "Titled Tuesday Blitz March 28 Early 2023"]
[White "Fernandez Siles, Luis"]
[Black "Dino_Ballecer"]
[WhiteFideId "2209420"]
[WhiteElo "2186"]
[BlackElo "2581"]
[Result "0-1"]
[Round "03"]
[TimeControl "180+2"]
[Date "2023.03.28"]
[WhiteClock "0:00:02"]
[BlackClock "0:00:05"]

1. d4 Nf6 2. c4 c5 3. d5 e6 4. Nc3 exd5 5. cxd5 d6 6. e4 g6 7. f4 Bg7 8. Bb5+ Nbd7 9. e5 dxe5 10. fxe5 Nh5 11. e6 Qh4+ 12. g3 Nxg3 13. hxg3 Qxh1 14. Be3 a6 15. exd7+ Bxd7 16. Bxd7+ Kxd7 17. Qa4+ b5 18. Qg4+ f5 19. Qf3 Qxf3 20. Nxf3 Rhe8 21. Kf2 c4 22. Bd4 Bxd4+ 23. Nxd4 Kd6 24. Nc2 Re5 25. Rd1 Rae8 26. a3 h5 27. Ne1 Rf8 28. Nf3 Re7 29. Nh4 Rf6 30. Nf3 f4 31. gxf4 Rxf4 32. Kg3 g5 33. Rd4 h4+ 34. Kg2 h3+ 35. Kg3 Re3 36. Rxf4 gxf4+ 37. Kf2 Rd3 38. Ne4+ Kxd5 39. Nf6+ Ke6 40. Ng4 Kf5 41. Nh6+ Kg6 42. Ng4 Rb3 43. Nge5+ Kf5 44. Nf7 Rxb2+ 45. Kf1 Rb1+ 46. Kf2 Rb2+ 47. Kf1 Rb3 48. Nd4+ Ke4 49. Nxb3 cxb3 50. Nd6+ Kd3 0-1


[Site "https://www.chess.com"]

[Event "Titled Tuesday Blitz March 28 Early 2023"]
[White "Ezat, Mohamed"]
[Black "Xu, Daniel"]
[WhiteFideId "10600906"]
[BlackFideId "2627345"]
[WhiteElo "2386"]
[BlackElo "1980"]
[Result "0-1"]
[Round "03"]
[TimeControl "180+2"]
[Date "2023.03.28"]
[WhiteClock "0:01:00"]
[BlackClock "0:00:09"]

1. d4 Nf6 2. c4 g6 3. Nc3 Bg7 4. e4 d6 5. Be2 O-O 6. Bg5 Na6 7. Qd2 c6 8. h4 e5 9. d5 h5 10. f3 Qa5 11. Nh3 Nh7 12. Be7 Bf6 13. Bxf6 Nxf6 14. Qh6 cxd5 15. cxd5 Nb4 16. Ng5 Nc2+ 17. Kd2 Nxa1 18. Rxa1 Qb6 19. Kc2 Bd7 20. g4 Rfc8 21. gxh5 Ba4+ 22. Kd2 Qxb2+ 23. Ke3 Qxc3+ 24. Kf2 Qd4+ 25. Kg2 Rc2 26. hxg6 Rxe2+ 27. Kh1 Qxa1# 0-1


[Site "https://www.chess.com"]

[Event "Titled Tuesday Blitz March 28 Early 2023"]
[White "Gutkin, Ilya"]
[Black "Souleidis, Georgios"]
[WhiteFideId "16203470"]
[BlackFideId "4206827"]
[WhiteElo "2265"]
[BlackElo "2401"]
[Result "0-1"]
[Round "03"]
[TimeControl "180+2"]
[Date "2023.03.28"]
[WhiteClock "0:00:15"]
[BlackClock "0:00:31"]

1. Nf3 Nf6 2. g3 g6 3. b3 Bg7 4. Bb2 c5 5. c4 d6 6. Bg2 e5 7. O-O O-O 8. Nc3 Nc6 9. Ne1 Be6 10. Nd5 Bxd5 11. cxd5 Ne7 12. e4 Nd7 13. f4 f5 14. d3 b5 15. Nc2 a5 16. a4 bxa4 17. bxa4 Rb8 18. Bc3 Rb3 19. Ra3 Rxc3 20. Rxc3 exf4 21. Rb3 fxg3 22. hxg3 c4 23. dxc4 Nc5 24. Rb5 Be5 25. exf5 Nxf5 26. g4 Qh4 27. Rf3 Qh2+ 28. Kf2 Ne4+ 29. Kf1 Nfg3+ 30. Ke1 Qg1+ 31. Bf1 Bc3+ 32. Rxc3 Qxf1# 0-1


[Site "https://www.chess.com"]

[Event "Titled Tuesday Blitz March 28 Early 2023"]
[White "Sliwicki, Damian"]
[Black "Ordekalog"]
[WhiteFideId "1127128"]
[WhiteElo "2030"]
[BlackElo "2574"]
[Result "1-0"]
[Round "03"]
[TimeControl "180+2"]
[Date "2023.03.28"]
[WhiteClock "0:00:04"]
[BlackClock "0:00:02"]

1. e4 d5 2. exd5 Qxd5 3. Nf3 Nf6 4. Be2 Nc6 5. O-O Bg4 6. d4 O-O-O 7. Be3 e5 8. dxe5 Bxf3 9. Bxf3 Qxe5 10. Qc1 Nd4 11. Bxd4 Rxd4 12. Re1 Qa5 13. Qe3 Bc5 14. Nc3 Rhd8 15. Qe5 Rd2 16. Kh1 Kb8 17. a3 Bb6 18. Qf4 Rxf2 19. Ne4 Nd5 20. Qxf7 Qa4 21. Nxf2 Ne3 22. Rxe3 Bxe3 23. Ng4 Bb6 24. Qb3 Qe8 25. Rf1 Qh5 26. Qc4 Qg5 27. Qe4 c6 28. h3 Bc7 29. Be2 Qh4 30. Qf3 Qg5 31. Qf2 Qd5 32. Bf3 Qd6 33. Qe2 Rf8 34. Rd1 h5 35. Rxd6 hxg4 36. Rd7 gxf3 37. gxf3 Bf4 38. Qe7 1-0


[Site "https://www.chess.com"]

[Event "Titled Tuesday Blitz March 28 Early 2023"]
[White "Lopez Del Alamo, Antonio"]
[Black "Budrewicz, Krzysztof"]
[WhiteFideId "2227339"]
[BlackFideId "1127950"]
[WhiteElo "2175"]
[BlackElo "2230"]
[Result "1-0"]
[Round "03"]
[TimeControl "180+2"]
[Date "2023.03.28"]
[WhiteClock "0:00:05"]
[BlackClock "0:00:10"]

1. e4 g6 2. d4 Bg7 3. Nc3 d6 4. h4 h6 5. Be3 a6 6. Qd2 b5 7. a3 Bb7 8. O-O-O Nd7 9. h5 g5 10. f4 gxf4 11. Bxf4 c5 12. Nf3 cxd4 13. Nxd4 Bxd4 14. Qxd4 e5 15. Qxd6 exf4 16. Bxb5 axb5 17. Nxb5 Rc8 18. Qb4 Rc6 19. Nd6+ Rxd6 20. Rxd6 Bc8 21. e5 Ne7 22. e6 fxe6 23. Rxe6 Nf8 24. Re5 Kf7 25. Rhe1 Ne6 26. Qe4 Qd6 27. g3 fxg3 28. Rf1+ Ke8 29. Qa4+ Bd7 30. Qe4 Rg8 31. Re1 g2 32. Rg1 Qd4 33. Qe1 Qf4+ 34. Kb1 Kf7 35. Re2 Nf5 36. Rf2 Qg4 37. Qa5 Nf4 38. Qc7 Ke7 39. Qxf4 Qxf4 40. Rxf4 Ne3 41. Re4+ Kd6 42. Rxe3 Bc6 43. Re2 Rg5 44. b4 Bd5 45. Kb2 Rg3 46. Rd2 Ke5 47. a4 Be4 48. a5 Kf4 49. a6 Ke3 50. Rdd1 Rg7 51. b5 Rg5 52. c4 Bd3 53. Kc3 Be2 54. Rde1 Kf2 55. Rxg2+ Rxg2 56. Rxe2+ Kxe2 57. a7 Rg8 58. b6 Rg2 59. b7 Rg3+ 60. Kb4 1-0


[Site "https://www.chess.com"]

[Event "Titled Tuesday Blitz March 28 Early 2023"]
[White "Sawyer, Bradley"]
[Black "Tokhirjonova, Gulrukhbegim"]
[WhiteFideId "2023784"]
[BlackFideId "14203626"]
[WhiteElo "2344"]
[BlackElo "2268"]
[Result "0-1"]
[Round "03"]
[TimeControl "180+2"]
[Date "2023.03.28"]
[WhiteClock "0:00:02"]
[BlackClock "0:00:19"]

1. c4 Nf6 2. g3 d5 3. cxd5 Nxd5 4. Bg2 c5 5. Nc3 Nxc3 6. bxc3 g6 7. Nf3 Bg7 8. O-O Nc6 9. d3 O-O 10. Qc2 h6 11. Be3 Qd6 12. Rfd1 e5 13. Nd2 b6 14. a4 Bb7 15. Nc4 Qe6 16. a5 Nxa5 17. Nxa5 Bxg2 18. Kxg2 bxa5 19. Rxa5 c4 20. d4 exd4 21. cxd4 Rfc8 22. d5 Qd7 23. d6 c3 24. Bd4 Qxd6 25. Bxg7 Qc6+ 26. f3 Kxg7 27. Rd3 Rab8 28. Ra3 Rb2 29. Qxc3+ Qxc3 30. Rdxc3 Rxc3 31. Rxc3 Rxe2+ 32. Kh3 a5 33. Ra3 Re5 34. f4 Rb5 35. Kg4 Kf6 36. Kf3 Ke6 37. Ke4 Kd6 38. Kd4 Kc6 39. g4 h5 40. h3 hxg4 41. hxg4 f6 42. Rc3+ Kd6 43. Ra3 Rb4+ 44. Ke3 a4 45. Rd3+ Kc5 46. Rd8 a3 47. Ra8 Rb3+ 48. Kd2 Kb4 49. Kc2 Rb2+ 0-1


[Site "https://www.chess.com"]

[Event "Titled Tuesday Blitz March 28 Early 2023"]
[White "Hnydiuk, Aleksander"]
[Black "BeReal24"]
[WhiteFideId "1109057"]
[WhiteElo "2374"]
[BlackElo "2327"]
[Result "1-0"]
[Round "03"]
[TimeControl "180+2"]
[Date "2023.03.28"]
[WhiteClock "0:01:23"]
[BlackClock "0:00:15"]

1. Nf3 Nf6 2. g3 g6 3. Bg2 Bg7 4. O-O O-O 5. c4 c6 6. d4 d5 7. Qb3 a5 8. Nc3 dxc4 9. Qxc4 Nbd7 10. Rd1 Nb6 11. Qd3 Nfd5 12. e4 Nb4 13. Qe2 Bg4 14. a3 Na6 15. Be3 Qc7 16. h3 Bxf3 17. Bxf3 Rfd8 18. Rac1 Rac8 19. d5 Nb8 20. Nb5 Qe5 21. Bd4 Qg5 22. h4 Qh6 23. Be3 g5 24. hxg5 Qg6 25. Bxb6 cxb5 26. Bxd8 Rxc1 27. Rxc1 Nd7 28. Qxb5 Qxg5 29. Rc8 Nf8 30. Qc5 Qf6 31. Kg2 Nd7 32. Bxe7+ Bf8 33. Rxf8+ 1-0


[Site "https://www.chess.com"]

[Event "Titled Tuesday Blitz March 28 Early 2023"]
[White "Kaidanov, Gregory"]
[Black "Onslow, Alfie"]
[WhiteFideId "2008564"]
[BlackFideId "436976"]
[WhiteElo "2547"]
[BlackElo "2114"]
[Result "1-0"]
[Round "03"]
[TimeControl "180+2"]
[Date "2023.03.28"]
[WhiteClock "0:00:23"]
[BlackClock "0:00:02"]

1. Nf3 c5 2. c4 Nf6 3. Nc3 Nc6 4. d4 cxd4 5. Nxd4 e6 6. g3 Qb6 7. Nb3 Ng4 8. e3 Nge5 9. f4 Ng6 10. Bg2 a5 11. O-O a4 12. Nd4 a3 13. b3 Bc5 14. Ncb5 O-O 15. Kh1 d5 16. cxd5 exd5 17. Re1 Re8 18. Bd2 Nxd4 19. exd4 Rxe1+ 20. Qxe1 Qxb5 21. dxc5 Bf5 22. Rc1 Re8 23. Qf1 Bd3 24. Qg1 Re2 25. Bc3 Rxg2 26. Kxg2 Be4+ 27. Kf2 Qd3 28. Qd1 Qb5 29. Qd4 f6 30. Re1 Ne7 31. Kg1 Nf5 32. Qf2 Qd3 33. Ba1 h5 34. Qe2 Qxe2 35. Rxe2 h4 36. Kf2 hxg3+ 37. hxg3 Nh6 38. Ke3 Ng4+ 39. Kd4 Kf7 40. b4 Ke6 41. b5 f5 42. Re1 Nf6 43. Rc1 Kd7 44. c6+ bxc6 45. bxc6+ Kc7 46. Kc5 Bd3 47. Be5+ Kc8 48. Kb6 Ne4 49. Rh1 1-0


[Site "https://www.chess.com"]

[Event "Titled Tuesday Blitz March 28 Early 2023"]
[White "Rosenberg, Evan S"]
[Black "Fiorito, Joaquin"]
[WhiteFideId "2019299"]
[BlackFideId "180173"]
[WhiteElo "2308"]
[BlackElo "2157"]
[Result "1-0"]
[Round "03"]
[TimeControl "180+2"]
[Date "2023.03.28"]
[WhiteClock "0:00:02"]
[BlackClock "0:00:13"]

1. d4 Nf6 2. Nf3 d5 3. c3 e6 4. Bg5 Be7 5. Nbd2 O-O 6. e3 b6 7. Bd3 Ba6 8. Bxa6 Nxa6 9. O-O c5 10. Ne5 Nb8 11. f4 Nfd7 12. Bxe7 Qxe7 13. Qh5 f6 14. Nxd7 Nxd7 15. Rf3 g6 16. Qh4 Rae8 17. Rh3 e5 18. f5 g5 19. Qh6 Qg7 20. Qxg7+ Kxg7 21. a4 exd4 22. exd4 Re2 23. Rd1 Rfe8 24. Kf1 Nb8 25. dxc5 bxc5 26. Rd3 R2e5 27. Nf3 Rxf5 28. Rxd5 Rf4 29. Kg1 Re2 30. R1d2 Rxd2 31. Nxd2 Rxa4 32. Rxc5 Ra1+ 33. Kf2 Ra2 34. Nc4 Kg6 35. g4 Nd7 36. Rc7 Nb6 37. Nd6 Rxb2+ 38. Kg3 Nd5 39. Rxa7 Nxc3 40. Nf5 Ne2+ 41. Kf3 Nd4+ 42. Nxd4 h5 43. h3 hxg4+ 44. hxg4 Rh2 45. Kg3 Rh7 46. Rxh7 Kxh7 47. Kf3 Kg6 48. Ke4 Kg7 49. Kf5 Kf7 50. Nb5 Ke7 51. Nc3 Kd6 52. Ne4+ Ke7 53. Nxf6 Kf7 54. Kxg5 Kg7 55. Kf5 Kh6 56. g5+ Kg7 57. g6 Kf8 58. Nh5 Kg8 59. Kf6 Kf8 60. Ng3 Kg8 61. Nf5 Kh8 62. g7+ Kh7 63. Ne7 Kh6 64. g8=Q 1-0


[Site "https://www.chess.com"]

[Event "Titled Tuesday Blitz March 28 Early 2023"]
[White "Ibadov, Dashgyn"]
[Black "Shtompel, Yuriy"]
[WhiteFideId "24107514"]
[BlackFideId "14168278"]
[WhiteElo "2208"]
[BlackElo "1844"]
[Result "0-1"]
[Round "03"]
[TimeControl "180+2"]
[Date "2023.03.28"]
[WhiteClock "0:00:30"]
[BlackClock "0:00:14"]

1. e4 c5 2. Nf3 d6 3. d4 cxd4 4. Nxd4 Nf6 5. Nc3 a6 6. h3 e5 7. Nde2 h5 8. Bg5 Be6 9. Bxf6 Qxf6 10. Nd5 Qd8 11. Nec3 Nc6 12. Bc4 Rc8 13. Bb3 g6 14. Qd3 Bh6 15. O-O O-O 16. Rad1 Nd4 17. f4 Nxb3 18. axb3 exf4 19. Nxf4 Bxf4 20. Rxf4 Qg5 21. Rf2 Rfd8 22. Rfd2 Qe5 23. Qd4 Qg5 24. Kh1 Rc5 25. Ne2 Re5 26. Ng1 Rc5 27. Nf3 Qg3 28. Qxc5 dxc5 29. Rxd8+ Kg7 30. R8d3 c4 31. bxc4 Bxc4 32. Rc3 Be6 33. Nd4 Qe5 34. Nxe6+ Qxe6 35. Rd4 b5 36. Rc7 Qe5 37. c3 Qxc7 38. Kg1 Qf4 39. Rb4 Qc1+ 40. Kf2 Qd2+ 41. Kg1 Qe1+ 42. Kh2 h4 43. Rd4 Qg3+ 44. Kh1 Qf4 45. Rb4 g5 46. Kg1 f6 47. Kh1 Kg6 48. Rd4 Qc1+ 49. Kh2 Qxb2 50. Rd6 Qxc3 51. Rxa6 Qe5+ 52. Kh1 Qxe4 0-1


[Site "https://www.chess.com"]

[Event "Titled Tuesday Blitz March 28 Early 2023"]
[White "Derjabin, Ilja"]
[Black "Wilson, Elvin"]
[WhiteFideId "14104768"]
[BlackFideId "2014874"]
[WhiteElo "2309"]
[BlackElo "2292"]
[Result "1-0"]
[Round "03"]
[TimeControl "180+2"]
[Date "2023.03.28"]
[WhiteClock "0:00:04"]
[BlackClock "0:00:01"]

1. d4 Nf6 2. c4 e6 3. Nc3 Bb4 4. a3 Bxc3+ 5. bxc3 Nc6 6. f3 b6 7. e4 Na5 8. e5 Ng8 9. Nh3 Ba6 10. Qa4 Qc8 11. Bd3 Ne7 12. O-O Qb7 13. Be4 c6 14. Bd3 Nxc4 15. Bxc4 b5 16. Qc2 bxc4 17. Rb1 Qc7 18. Ng5 h6 19. Ne4 O-O 20. a4 Nd5 21. Nc5 Bc8 22. f4 f6 23. Ne4 fxe5 24. fxe5 Rxf1+ 25. Kxf1 Rb8 26. Nd6 Ba6 27. Bxh6 Qd8 28. g3 Rxb1+ 29. Qxb1 Qf8+ 30. Kg2 gxh6 31. Qg6+ Qg7 32. Qe8+ Kh7 33. Qh5 Ne3+ 34. Kf3 Nd5 35. Ne8 Qg6 36. Qxg6+ Kxg6 37. g4 Nxc3 38. h4 Nxa4 39. h5+ Kf7 40. Nf6 Nb6 41. g5 hxg5 42. Kg4 Nd5 43. h6 Nxf6+ 44. Kxg5 1-0


[Site "https://www.chess.com"]

[Event "Titled Tuesday Blitz March 28 Early 2023"]
[White "Jain Kashish Manoj"]
[Black "Levitan, Caleb Levi"]
[WhiteFideId "35081098"]
[BlackFideId "14332620"]
[WhiteElo "2191"]
[BlackElo "1963"]
[Result "1-0"]
[Round "03"]
[TimeControl "180+2"]
[Date "2023.03.28"]
[WhiteClock "0:00:06"]
[BlackClock "0:00:01"]

1. Nf3 Nf6 2. g3 d5 3. Bg2 Bf5 4. O-O e6 5. d3 h6 6. c4 c6 7. Nc3 Be7 8. cxd5 exd5 9. Nd4 Bh7 10. e4 dxe4 11. dxe4 O-O 12. e5 Nfd7 13. f4 Na6 14. Be3 Nac5 15. Qd2 Qc7 16. Rfd1 Rfd8 17. Qe2 Nb6 18. Rac1 a5 19. Bf2 Nd5 20. Nxd5 cxd5 21. Nb3 b6 22. Nxc5 Bxc5 23. Bxc5 bxc5 24. Rxd5 Rxd5 25. Bxd5 Rd8 26. Qc4 Rc8 27. e6 Bg6 28. exf7+ Bxf7 29. Bxf7+ Qxf7 30. Qxf7+ Kxf7 31. Kf2 Ke6 32. Ke3 Kd5 33. b3 Re8+ 34. Kd3 g5 35. Rf1 gxf4 36. Rxf4 Re1 37. Rh4 Rd1+ 38. Kc3 Ra1 39. Kb2 Rg1 40. Rxh6 Rg2+ 41. Ka3 c4 42. Rh5+ Kd4 43. Rh4+ Kd3 44. bxc4 Rc2 45. Kb3 Rc3+ 46. Ka4 Rc2 47. a3 Rc3 48. Rf4 Ke3 49. h4 Kd2 50. g4 Rc2 51. g5 Rc3 52. g6 Rg3 53. h5 Rg5 54. Rh4 Re5 55. h6 Re8 56. g7 Kc3 57. h7 Rb8 58. h8=Q 1-0


[Site "https://www.chess.com"]

[Event "Titled Tuesday Blitz March 28 Early 2023"]
[White "Bogaudinov, Rushan"]
[Black "Drori, Saar"]
[WhiteFideId "4129288"]
[BlackFideId "2812444"]
[WhiteElo "1949"]
[BlackElo "2322"]
[Result "0-1"]
[Round "03"]
[TimeControl "180+2"]
[Date "2023.03.28"]
[WhiteClock "0:00:03"]
[BlackClock "0:00:05"]

1. e4 c5 2. Nf3 d6 3. Bc4 Nf6 4. d3 g6 5. O-O Bg7 6. Nc3 O-O 7. Bg5 Nc6 8. h3 a6 9. a4 Rb8 10. Re1 Nd7 11. Rb1 Nd4 12. Nd5 Nc6 13. c3 h6 14. Bh4 b5 15. axb5 axb5 16. Bb3 Nb6 17. Nxb6 Qxb6 18. Qe2 b4 19. Bd5 Ba6 20. Bxc6 Qxc6 21. Qd2 Rfe8 22. Bg3 Rb7 23. d4 bxc3 24. bxc3 Rxb1 25. Rxb1 Qxe4 26. Re1 Qd5 27. Qf4 Bb7 28. h4 cxd4 29. cxd4 e5 30. dxe5 dxe5 31. Qd2 e4 32. Qxd5 Bxd5 33. Nh2 f5 34. Bf4 Kh7 35. g3 Bf6 36. Rd1 Be6 37. Nf1 g5 38. hxg5 hxg5 39. Be3 Kg6 40. Kg2 Be5 41. f4 exf3+ 42. Kxf3 Rc8 43. Rc1 Bd5+ 44. Kf2 Rb8 45. Rc5 Rb2+ 46. Nd2 Bxg3+ 47. Kxg3 f4+ 48. Kf2 fxe3+ 49. Kxe3 Be6 50. Ne4 g4 51. Kf4 Rb4 52. Rg5+ Kf7 53. Re5 Ke7 54. Kg3 Kd7 55. Nf6+ Kd6 56. Re4 Rb3+ 57. Kf2 g3+ 58. Kg2 Bc8 59. Rg4 Bb7+ 60. Kg1 Rb1# 0-1


[Site "https://www.chess.com"]

[Event "Titled Tuesday Blitz March 28 Early 2023"]
[White "Vadim_Galchenko"]
[Black "Krsnik Cohar, Ivan Vihor"]
[BlackFideId "14520044"]
[WhiteElo "2279"]
[BlackElo "2414"]
[Result "1-0"]
[Round "03"]
[TimeControl "180+2"]
[Date "2023.03.28"]
[WhiteClock "0:00:23"]
[BlackClock "0:00:01"]

1. e4 c5 2. a3 g6 3. b4 Bg7 4. Nc3 b6 5. Rb1 d6 6. g3 Bb7 7. Bg2 Nf6 8. Nge2 O-O 9. O-O e5 10. d3 Nc6 11. Nd5 Nxd5 12. exd5 Nd4 13. c3 Nxe2+ 14. Qxe2 f5 15. Bb2 Qd7 16. Ba1 a5 17. bxc5 bxc5 18. c4 Rfb8 19. f4 Re8 20. Qf2 Ba6 21. Rb6 e4 22. Bxg7 Qxg7 23. dxe4 fxe4 24. Qe3 Qd4 25. Re1 Bxc4 26. Rxd6 Rab8 27. Bh3 Rb1 28. Be6+ Rxe6 29. Rd8+ Kf7 30. dxe6+ Kxe6 31. Rxd4 Rxe1+ 32. Qxe1 1-0


[Site "https://www.chess.com"]

[Event "Titled Tuesday Blitz March 28 Early 2023"]
[White "Ruge, Edison"]
[Black "Vallejo Diaz, Javier"]
[WhiteFideId "4401000"]
[BlackFideId "2256398"]
[WhiteElo "2175"]
[BlackElo "2555"]
[Result "1-0"]
[Round "03"]
[TimeControl "180+2"]
[Date "2023.03.28"]
[WhiteClock "0:00:35"]
[BlackClock "0:00:17"]

1. e4 Nf6 2. Nc3 d5 3. Qe2 d4 4. Nb1 e5 5. d3 Nc6 6. g3 h5 7. h4 Be6 8. Bh3 Qd7 9. Bxe6 fxe6 10. a3 a5 11. Nf3 a4 12. Ng5 Bd6 13. Nd2 b5 14. Ndf3 Ne7 15. Bd2 c5 16. Nh2 Rc8 17. O-O Ng6 18. Qf3 Nf8 19. Qg2 Kd8 20. f4 exf4 21. gxf4 e5 22. fxe5 Bxe5 23. Rf5 Ng6 24. Nhf3 Re8 25. Ba5+ Bc7 26. Bxc7+ Rxc7 27. Rf1 Kc8 28. Qd2 Qd6 29. Qg2 Ng4 30. Qh3 Kb8 31. Nf7 Qe6 32. N3g5 Qd7 33. Qg3 Kb7 34. Nd6+ Ka6 35. Nxe8 Qxe8 36. Qxc7 Ne3 37. Rxc5 1-0


[Site "https://www.chess.com"]

[Event "Titled Tuesday Blitz March 28 Early 2023"]
[White "Castellanos Villela, Alejandro"]
[Black "Fajdetic, Hrvoje"]
[WhiteFideId "3446379"]
[BlackFideId "14501945"]
[WhiteElo "2102"]
[BlackElo "2185"]
[Result "1-0"]
[Round "03"]
[TimeControl "180+2"]
[Date "2023.03.28"]
[WhiteClock "0:00:31"]
[BlackClock "0:00:04"]

1. d4 e6 2. c4 f5 3. Nc3 Bb4 4. Bd2 Nf6 5. Nf3 b6 6. e3 Bb7 7. Bd3 O-O 8. O-O d6 9. Rc1 Nbd7 10. a3 Bxc3 11. Bxc3 Ne4 12. d5 Nxc3 13. Rxc3 e5 14. e4 f4 15. b4 a5 16. Nd2 Nf6 17. c5 g5 18. Qc2 axb4 19. axb4 g4 20. cxb6 cxb6 21. Rc7 Bc8 22. Rc1 Bd7 23. Rb7 Rc8 24. Qb2 Rxc1+ 25. Qxc1 g3 26. hxg3 fxg3 27. fxg3 Ng4 28. Nf3 Rf7 29. Qg5+ Qxg5 30. Nxg5 Rg7 31. Nf3 h6 32. Rxb6 Ne3 33. Rxd6 Bg4 34. Rxh6 Nd1 35. Nxe5 1-0


[Site "https://www.chess.com"]

[Event "Titled Tuesday Blitz March 28 Early 2023"]
[White "Schut, Han"]
[Black "Bilan, Danila"]
[WhiteFideId "1005561"]
[BlackFideId "24161918"]
[WhiteElo "2024"]
[BlackElo "2182"]
[Result "0-1"]
[Round "03"]
[TimeControl "180+2"]
[Date "2023.03.28"]
[WhiteClock "0:00:16"]
[BlackClock "0:00:06"]

1. e4 c6 2. d4 d5 3. exd5 cxd5 4. c4 Nf6 5. Nc3 Nc6 6. Nf3 Bg4 7. cxd5 Nxd5 8. Qb3 Bxf3 9. gxf3 e6 10. Qxb7 Nxd4 11. Bb5+ Nxb5 12. Qc6+ Ke7 13. Qxb5 Qd7 14. Bg5+ f6 15. Nxd5+ Qxd5 16. Qxd5 exd5 17. Be3 Ke6 18. O-O-O Rc8+ 19. Kb1 Bc5 20. Rhe1 Bxe3 21. Rxe3+ Kd6 22. Rde1 Rc7 23. Re6+ Kd7 24. Re7+ Kd8 25. Rxc7 Kxc7 26. Re7+ Kb6 27. Rd7 Kc5 28. Rxg7 a5 29. Kc2 Re8 30. Kd2 Rb8 31. b3 a4 32. Rc7+ Kd4 33. Rc3 a3 34. Rc6 Rg8 35. Rxf6 Rg2 36. Rf4+ Ke5 37. Ke3 Rxh2 38. Ra4 Rh1 39. Rxa3 h5 40. f4+ Kf5 41. Ra5 Ke6 42. Ra6+ Kf5 43. Ra5 Ke6 44. Ra6+ Kf5 45. Rh6 h4 46. Rh5+ Ke6 47. Kd4 h3 48. Rh6+ Kf5 49. Kxd5 h2 50. a4 Rd1+ 51. Kc5 h1=Q 52. Rxh1 Rxh1 53. b4 Kxf4 54. a5 Ke5 55. Kc6 Rc1+ 56. Kb6 Kd6 57. b5 Rc8 58. a6 Rb8+ 59. Ka7 Rxb5 60. f4 Kc7 61. Ka8 Rb6 62. a7 Rf6 0-1


[Site "https://www.chess.com"]

[Event "Titled Tuesday Blitz March 28 Early 2023"]
[White "Osinenko, Anton"]
[Black "monkins"]
[WhiteFideId "4158970"]
[WhiteElo "2294"]
[BlackElo "2270"]
[Result "0-1"]
[Round "03"]
[TimeControl "180+2"]
[Date "2023.03.28"]
[WhiteClock "0:01:18"]
[BlackClock "0:00:26"]

1. e4 c5 2. Nf3 g6 3. c3 d5 4. exd5 Qxd5 5. Na3 a6 6. d4 Nf6 7. dxc5 Qxc5 8. Be3 Qc7 9. Nc4 Nbd7 10. a4 Bg7 11. a5 O-O 12. Nb6 Nxb6 13. Bxb6 Qc6 14. Qa4 Qe6+ 15. Be2 Nd5 16. Rd1 Nxb6 17. axb6 Qxb6 18. O-O Qxb2 19. Rfe1 b5 20. Qe4 Ra7 21. c4 Bf5 22. Qe3 Rfa8 23. cxb5 axb5 24. Rd2 Qc3 25. Bxb5 Qxe3 26. Rxe3 Ra1+ 27. Bf1 Bh6 28. Rxe7 Bxd2 29. Nxd2 Rd8 30. Nf3 Rdd1 0-1


[Site "https://www.chess.com"]

[Event "Titled Tuesday Blitz March 28 Early 2023"]
[White "Yaniuk, Volodymyr"]
[Black "Floresvillar Gonzalez, Luis Migu"]
[WhiteFideId "14133083"]
[BlackFideId "5100542"]
[WhiteElo "2141"]
[BlackElo "2040"]
[Result "1-0"]
[Round "03"]
[TimeControl "180+2"]
[Date "2023.03.28"]
[WhiteClock "0:02:15"]
[BlackClock "0:00:40"]

1. c4 e6 2. d4 Nf6 3. g3 Be7 4. Bg2 O-O 5. Nc3 c5 6. d5 exd5 7. cxd5 d6 8. Nf3 a6 9. a4 Bg4 10. Nd2 h6 11. h3 Bh5 12. O-O Nbd7 13. Nc4 Nb6 14. Na3 Re8 15. a5 Nbd7 16. Nc4 b5 17. axb6 Nxb6 18. Na5 Qc7 19. Bf4 Bf8 20. g4 Bg6 21. f3 Nfd7 22. e4 Ne5 23. Bxe5 Rxe5 24. Nc6 Ree8 25. Qb3 a5 26. Nb5 Qb7 27. Nxa5 Qa7 28. Nxa7 1-0


[Site "https://www.chess.com"]

[Event "Titled Tuesday Blitz March 28 Early 2023"]
[White "babbilator"]
[Black "Melian, Juan Sebastian"]
[BlackFideId "3706575"]
[WhiteElo "2234"]
[BlackElo "2031"]
[Result "1-0"]
[Round "03"]
[TimeControl "180+2"]
[Date "2023.03.28"]
[WhiteClock "0:00:04"]
[BlackClock "0:00:12"]

1. e4 e5 2. Nc3 Nf6 3. Nf3 d6 4. d4 Nbd7 5. Bc4 Be7 6. O-O O-O 7. Re1 c6 8. a4 Qc7 9. h3 Rb8 10. Be3 b6 11. Ba2 a6 12. Nh4 Re8 13. Nf5 Bf8 14. Qf3 exd4 15. Bxd4 Ne5 16. Nh6+ gxh6 17. Qxf6 Bg7 18. Qf4 Be6 19. Ne2 Bxa2 20. Rxa2 Re6 21. Ng3 Rg6 22. Nf5 Re8 23. Ra3 c5 24. Bc3 b5 25. axb5 axb5 26. Rea1 b4 27. Ra8 Qd7 28. Bd2 Bf8 29. Ne3 Nc4 30. Nxc4 Qc6 31. Rxe8 Qxe8 32. Ne3 Qe6 33. Nd5 h5 34. Ra8 h6 35. Qf5 Kg7 36. Qxe6 fxe6 37. Nf4 Rf6 38. Nxh5+ Kf7 39. Nxf6 Be7 40. Ra7 Kxf6 41. Rxe7 Kxe7 42. f3 h5 43. Kf2 d5 44. Ke3 Kd6 45. b3 Kc6 46. exd5+ exd5 47. f4 Kd6 48. g4 hxg4 49. hxg4 Ke6 50. f5+ Ke5 51. Kf3 Kd4 52. f6 c4 53. f7 cxb3 54. cxb3 Kd3 55. Bxb4 Kc2 56. Bc5 d4 57. Bxd4 Kxb3 58. f8=Q Kc4 59. Qc5+ Kd3 60. Qc3# 1-0


[Site "https://www.chess.com"]

[Event "Titled Tuesday Blitz March 28 Early 2023"]
[White "mjelcic"]
[Black "Nurmanova, Alua"]
[BlackFideId "13729390"]
[WhiteElo "2225"]
[BlackElo "2253"]
[Result "0-1"]
[Round "03"]
[TimeControl "180+2"]
[Date "2023.03.28"]
[WhiteClock "0:00:17"]
[BlackClock "0:01:12"]

1. e4 c5 2. c3 d5 3. exd5 Qxd5 4. d4 Nf6 5. Nf3 Bg4 6. Be2 e6 7. h3 Bh5 8. Be3 cxd4 9. cxd4 Nc6 10. Nc3 Bb4 11. O-O Qd6 12. Qb3 O-O 13. Rfd1 Rfd8 14. a3 Ba5 15. Rac1 Qe7 16. g4 Bg6 17. Ne5 Rac8 18. Bf3 Bb6 19. Nxc6 bxc6 20. Na4 Nd5 21. Nc5 Bxc5 22. Rxc5 Rb8 23. Qa2 Qh4 24. Kg2 h5 25. b4 hxg4 26. hxg4 Nxe3+ 27. fxe3 Be4 28. Qf2 Qxg4+ 29. Qg3 Bxf3+ 0-1


[Site "https://www.chess.com"]

[Event "Titled Tuesday Blitz March 28 Early 2023"]
[White "Quirke, Jeffrey"]
[Black "Jeet, Jain"]
[WhiteFideId "2013029"]
[BlackFideId "5073022"]
[WhiteElo "2223"]
[BlackElo "2067"]
[Result "0-1"]
[Round "03"]
[TimeControl "180+2"]
[Date "2023.03.28"]
[WhiteClock "0:00:02"]
[BlackClock "0:01:30"]

1. e4 c6 2. d4 d5 3. exd5 Qxd5 4. c4 Qa5+ 5. Nc3 Nf6 6. Bd3 Bg4 7. Ne2 e6 8. O-O Be7 9. Qc2 O-O 10. Ng3 Rd8 11. Be3 Bh5 12. Nxh5 Qxh5 13. h3 Nbd7 14. Rad1 Rac8 15. Rfe1 h6 16. Be2 Qa5 17. a3 Qc7 18. Bf3 Bd6 19. b4 Bf4 20. c5 Bxe3 21. fxe3 a5 22. e4 Ra8 23. e5 Nd5 24. Bxd5 exd5 25. b5 Nf8 26. b6 Qe7 27. Qd2 Ne6 28. Ne2 Qh4 29. Rf1 Rf8 30. Qe3 Rae8 31. Kh2 f6 32. g3 Qh5 33. g4 Qg6 34. exf6 Nxc5 35. f7+ Qxf7 36. Rxf7 Rxe3 37. Rxf8+ Kxf8 38. Nf4 Ne6 39. Nxe6+ Rxe6 40. Rf1+ Ke7 0-1


[Site "https://www.chess.com"]